Map: Вечная империя РВ

Players

MindelVK - Winner!

  • Race: Protoss Protoss
  • League: Master
  • Spawn Location: 7:00

llllllllllll

  • Race: Terran Terran
  • League: Master
  • Spawn Location: 1:00

VOD

Have the link to the VOD?

Description

Time

  • Played on: Nov. 29, 2019, 10:08 a.m.
  • Length: 15:42
Show
View Real Time Build Order
Export as new Build Order

MindelVK Protoss - Winner!

Build Orders: 1 Gate Expand, Blink Stalkers, Colossus Rush 

Get SALT Encoding   

  12  0:01  Probe  
  13  0:13  Probe  
  14  0:17  Pylon  
  14  0:25  Probe (Chrono Boost)  
  15  0:37  Probe (Chrono Boost)  
  15  0:38  Gateway  
  16  0:46  Assimilator, Probe (Chrono Boost)  
  17  0:51  Probe  
  18  1:03  Probe  
  19  1:15  Probe  
  20  1:23  Nexus  
  20  1:35  Cybernetics Core  
  20  1:36  Probe  
  21  1:43  Assimilator  
  21  1:48  Probe  
  21  1:50  Pylon  
  22  2:00  Probe (Chrono Boost)  
  23  2:10  Stalker (Chrono Boost)  
  23  2:12  Probe (Chrono Boost)  
  26  2:15  Warp Gate  
  26  2:20  Probe (Chrono Boost)  
  27  2:27  Probe (Chrono Boost)  
  28  2:33  Stalker  
  30  2:37  Probe (Chrono Boost)  
  32  2:44  Twilight Council, Probe (Chrono Boost)  
  32  2:46  Probe (Chrono Boost)  
  32  2:51  Probe x2 (Chrono Boost)  
  35  3:03  Stalker, Probe x2  
  39  3:14  Pylon  
  39  3:15  Probe x2, Blink (Chrono Boost)  
  41  3:27  Probe x2  
  41  3:33  Robotics Facility  
  41  3:34  Shield Battery  
  43  3:41  Probe x2  
  44  3:45  Gateway  
  45  3:48  Gateway  
  45  3:53  Probe  
  45  3:54  Assimilator  
  46  3:57  Assimilator  
  46  3:58  Probe  
  47  4:04  Stalker  
  47  4:05  Probe  
  50  4:11  Probe  
  51  4:17  Probe  
  51  4:20  Pylon, Observer  
  51  4:23  Robotics Bay, Probe  
  54  4:32  Probe  
  54  4:36  Stalker  
  53  4:41  Stalker  
  55  4:49  Pylon  
  54  5:06  Charge  
  54  5:07  Probe x2  
  54  5:09  Forge, Observer  
  57  5:19  Probe x2  
  58  5:25  Nexus  
  58  5:28  Pylon  
  58  5:31  Probe  
  59  5:36  Probe  
  60  5:44  Protoss Ground Weapons Level 1 (Chrono Boost), Probe  
  60  5:45  Colossus (Chrono Boost)  
  60  5:47  Pylon  
  60  5:48  Probe  
  68  5:56  Probe  
  69  6:01  Probe (Chrono Boost)  
  70  6:08  Probe (Chrono Boost)  
  70  6:13  Probe (Chrono Boost)  
  72  6:19  Probe (Chrono Boost)  
  72  6:21  Probe (Chrono Boost)  
  72  6:22  Pylon  
  72  6:24  Probe (Chrono Boost)  
  74  6:28  Gateway  
  74  6:29  Gateway  
  74  6:32  Gateway  
  74  6:33  Colossus (Chrono Boost)  
  74  6:34  Sentry  
  74  6:37  Pylon  
  74  6:39  Pylon  
  82  6:41  Probe  
  82  6:44  Extended Thermal Lance  
  83  6:56  Probe x3  
  83  6:58  Assimilator  
  83  6:59  Pylon, Assimilator  
  86  7:01  Zealot  
  86  7:08  Probe  
  89  7:14  Colossus (Chrono Boost)  
  95  7:15  Zealot  
  95  7:16  Zealot  
  95  7:17  Probe x2  
  95  7:20  Probe  
  102  7:26  Forge  
  102  7:27  Pylon, Zealot x2  
  102  7:28  Observer  
  106  7:33  Templar Archives  
  106  7:41  Zealot x2  
  106  7:42  Zealot  
  112  7:44  Probe  
  112  7:45  Probe x2  
  112  7:46  Observer  
  112  7:50  Protoss Ground Weapons Level 2 (Chrono Boost)  
  115  7:54  Observer  
  116  8:01  Protoss Ground Armor Level 1 (Chrono Boost)  
  116  8:04  Nexus  
  116  8:05  Pylon  
  116  8:14  Robotics Facility  
  116  8:15  Disruptor, High Templar x3  
  116  8:16  High Templar  
  116  8:17  Zealot  
  116  8:18  Archon  
  129  8:20  Archon  
  129  8:24  Pylon, Probe x2  
  129  8:25  Probe  
  129  8:26  Pylon  
  132  8:29  Pylon  
  132  8:33  Pylon  
  132  8:34  Pylon  
  132  8:41  Stalker x2  
  132  8:46  Probe x3  
  139  8:50  Disruptor  
  139  8:54  Gateway  
  142  8:56  Gateway  
  142  9:01  Gateway  
  142  9:04  Gateway  
  142  9:06  Gravitic Drive  
  142  9:08  Gateway  
  142  9:11  Gateway  
  142  9:20  Zealot x5  
  142  9:21  Zealot  
  142  9:22  Probe  
  142  9:23  Probe  
  142  9:24  Probe  
  157  9:30  Disruptor (Chrono Boost)  
  163  9:37  Protoss Ground Armor Level 2 (Chrono Boost)  
  163  9:38  Disruptor (Chrono Boost)  
  163  9:42  Probe x2  
  163  9:43  Probe x2  
  163  9:44  Assimilator  
  167  9:48  Assimilator  
  167  9:49  Photon Cannon  
  167  9:52  Dark Shrine  
  167  10:06  High Templar x5  
  177  10:10  Archon  
  177  10:11  Archon  
  177  10:12  Nexus  
  177  10:13  High Templar  
  179  10:17  Archon  
  179  10:20  Photon Cannon  
  179  10:21  Pylon  
  179  10:24  Shield Battery  
  179  10:29  Warp Prism, Disruptor  
  179  10:34  Pylon  
  184  10:37  Unknown  
  184  10:40  Stalker x5  
  184  10:41  Stalker  
  194  10:52  Protoss Ground Weapons Level 3 (Chrono Boost)  
  190  11:13  Stalker x3  
  190  11:14  Stalker x3  
  192  11:29  Stalker x4  
  192  11:31  Warp Prism  
  187  11:45  Colossus  
  171  11:53  Zealot x5  
  171  11:54  Zealot x5  
  171  11:59  Probe x4  
  181  12:06  Colossus  
  179  12:17  Zealot x7  
  179  12:18  Zealot x3  
  191  12:38  Colossus  
  146  12:51  Zealot x5  
  146  12:52  Zealot x5  
  154  13:00  Colossus  
  150  13:12  High Templar x7  
  144  13:13  High Templar x3  
  144  13:16  Archon x2  
  144  13:17  Archon x2  
  144  13:18  Archon  
  130  13:32  Colossus  
  136  13:35  Gateway  
  136  13:37  Dark Templar x2  
  136  13:40  Gateway  
  140  13:44  Zealot x2  
  140  13:45  Zealot x7  
  158  13:51  Gateway  
  154  14:01  Gateway  
  146  14:03  Gateway  
  146  14:04  Stalker  
  146  14:05  Stalker x7  
  152  14:20  Stalker x4  
  150  14:40  Stalker x4  
  150  14:41  Stalker x4  
  150  14:43  Stalker x6  
  144  15:11  Zealot x2  
  144  15:12  Zealot x7  
  144  15:13  Zealot x5  
  176  15:35  High Templar x4  
  168  15:36  High Templar x4  
  168  15:37  High Templar x2  
Show
View Real Time Build Order
Export as new Build Order

llllllllllll Terran 

Build Orders: Gas First Reaper Expand 

Get SALT Encoding   

  12  0:00  SCV  
  13  0:13  SCV  
  14  0:17  Supply Depot  
  14  0:25  SCV  
  15  0:33  Refinery  
  15  0:39  SCV  
  16  0:44  Barracks  
  16  0:51  SCV  
  17  1:03  SCV  
  18  1:15  SCV  
  19  1:32  Reaper, Orbital Command  
  20  1:43  Command Center  
  20  1:55  Factory  
  20  1:59  SCV  
  21  2:09  Barracks Reactor  
  21  2:11  SCV  
  22  2:16  Supply Depot  
  22  2:22  Refinery  
  22  2:23  SCV  
  23  2:37  SCV  
  23  2:40  Hellion  
  26  2:46  Marine, Starport  
  26  2:47  Marine  
  26  2:49  SCV  
  29  2:55  Orbital Command  
  29  3:01  SCV  
  29  3:05  Hellion  
  32  3:12  Marine  
  32  3:13  Marine  
  32  3:14  SCV  
  35  3:22  SCV  
  35  3:23  Medivac  
  35  3:26  SCV  
  39  3:27  Hellion  
  39  3:31  Marine  
  39  3:32  Marine  
  43  3:36  Supply Depot  
  43  3:38  SCV  
  43  3:39  SCV  
  45  3:48  Supply Depot, Factory Tech Lab  
  45  3:49  Marine  
  46  3:57  SCV x2, Marine  
  46  3:59  Starport Tech Lab  
  46  4:01  Refinery  
  49  4:07  Marine  
  49  4:09  SCV x2  
  55  4:10  Siege Tank  
  55  4:14  Supply Depot  
  55  4:15  Marine  
  56  4:21  SCV x2, Raven  
  60  4:25  Marine  
  59  4:32  Marine  
  59  4:33  SCV x2  
  62  4:43  Siege Tank  
  64  4:45  Supply Depot  
  64  4:46  SCV x2  
  65  4:58  SCV x2  
  67  5:01  Marine x2  
  67  5:03  Command Center  
  69  5:07  Supply Depot  
  68  5:14  SCV x2  
  64  5:30  SCV x2, Barracks  
  64  5:32  Engineering Bay x2  
  64  5:35  Barracks  
  64  5:36  Stimpack  
  64  5:37  Marauder  
  64  5:38  Starport Reactor  
  64  5:42  SCV x2  
  66  5:44  Factory Reactor  
  66  5:54  SCV x2  
  68  5:57  Refinery  
  68  5:58  Marauder  
  68  5:59  Barracks  
  68  6:00  Barracks  
  70  6:06  SCV x2, Terran Infantry Armor Level 1, Terran Infantry Weapons Level 1  
  72  6:16  Orbital Command  
  72  6:17  Medivac x2  
  77  6:18  SCV x2  
  77  6:19  Marauder, Marine x2  
  77  6:22  Combat Shield  
  77  6:24  Marauder  
  84  6:28  Factory Reactor, Supply Depot  
  84  6:32  SCV x2  
  86  6:35  Orbital Command  
  86  6:36  Marine  
  86  6:37  Marine  
  88  6:42  Marauder  
  88  6:43  Missile Turret  
  88  6:45  SCV  
  88  6:46  Marauder, SCV  
  94  6:56  Barracks Tech Lab  
  94  6:57  Medivac x2  
  94  6:58  SCV x2  
  100  7:02  SCV  
  100  7:04  Marauder  
  100  7:07  Marauder  
  105  7:10  SCV x2  
  105  7:12  Marine x2  
  105  7:14  Refinery  
  109  7:17  Supply Depot  
  109  7:18  Refinery, Supply Depot  
  109  7:19  Marine x2  
  109  7:20  SCV, Armory  
  112  7:25  Marauder, SCV x2, Starport  
  116  7:32  SCV  
  116  7:34  Supply Depot  
  116  7:35  Concussive Shells  
  116  7:36  Supply Depot  
  117  7:39  SCV, Marauder  
  117  7:40  Marauder  
  122  7:44  Supply Depot  
  122  7:45  SCV x2  
  122  7:46  Marauder  
  122  7:47  Marine  
  122  7:48  Marine x3  
  130  7:52  Ghost Academy  
  129  8:01  Marauder  
  130  8:06  Viking x4  
  130  8:09  Terran Infantry Weapons Level 2  
  138  8:14  Supply Depot  
  138  8:15  Terran Infantry Armor Level 2  
  138  8:23  Terran Ship Weapons Level 1  
  138  8:29  Command Center  
  138  8:31  Marauder  
  138  8:32  Marauder  
  138  8:33  Marauder  
  144  8:42  Missile Turret, Supply Depot  
  144  8:46  Viking  
  144  8:47  Viking x2  
  150  8:51  Viking  
  154  8:55  Marauder  
  154  8:56  Marauder  
  154  8:58  Supply Depot  
  154  8:59  Marauder, Supply Depot  
  154  9:00  Marine x3  
  154  9:01  Marine  
  162  9:16  Ghost x2  
  163  9:17  Marine  
  163  9:18  Marine x3, Enhanced Shockwaves  
  163  9:19  Ghost  
  171  9:27  Barracks  
  171  9:28  Barracks  
  171  9:29  Barracks  
  170  9:33  SCV x3  
  170  9:34  Missile Turret  
  173  9:45  SCV x3  
  176  9:48  Missile Turret, Unknown  
  176  9:51  Ghost x3  
  182  9:55  Fusion Core  
  182  9:57  Marine x4  
  186  10:08  Missile Turret  
  186  10:09  Bunker  
  186  10:11  Medivac x2  
  186  10:12  Viking x2  
  193  10:18  Barracks Reactor, Marine x4, Barracks Tech Lab  
  193  10:20  Barracks Tech Lab  
  197  10:27  Missile Turret, Planetary Fortress  
  197  10:32  Missile Turret  
  197  10:33  Marine  
  197  10:34  Marine x2  
  197  10:35  Missile Turret  
  200  10:36  Terran Infantry Weapons Level 3  
  200  10:46  Terran Ship Weapons Level 2  
  200  10:54  Command Center  
  200  10:56  Command Center  
  198  11:00  Marine x4  
  198  11:01  Marine  
  200  11:06  Advanced Ballistics  
  200  11:08  Terran Infantry Armor Level 3  
  191  11:29  Liberator  
  191  11:30  Marauder x2  
  191  11:31  Liberator  
  195  11:33  Liberator x2  
  195  11:38  Supply Depot  
  191  11:40  Supply Depot  
  191  11:42  Marauder  
  191  11:43  Marauder  
  191  11:45  Marauder  
  187  11:51  Marauder  
  187  11:53  Marauder, Marine x3  
  185  11:54  Marine x2  
  185  12:02  Command Center  
  185  12:03  Command Center  
  185  12:04  Marauder, Ghost  
  185  12:05  Ghost, Marine  
  190  12:11  Liberator, Ghost  
  190  12:13  Liberator  
  167  12:18  Orbital Command  
  167  12:19  Orbital Command  
  167  12:25  Ghost x2  
  167  12:29  Marine  
  172  12:30  Marine x2  
  172  12:31  Marine  
  179  12:42  Marauder, Marine x3  
  161  12:44  Marine  
  161  12:47  Marine x2  
  161  12:48  Marine x2  
  140  12:54  Marine  
  140  12:55  Marauder  
  140  12:58  SCV x3  
  134  12:59  SCV  
  134  13:00  Marauder, Marine x2  
  134  13:03  Marauder, Marine  
  134  13:05  Marine x2  
  120  13:06  Marine x2  
  120  13:08  Liberator  
  120  13:09  Liberator  
  120  13:10  Liberator, SCV  
  111  13:13  Liberator  
  109  13:21  Orbital Command  
  112  13:32  SCV  
  112  13:33  SCV  
  112  13:34  SCV  
  112  13:35  SCV  
  112  13:37  SCV  
  112  13:38  Ghost x2  
  112  13:39  Ghost  
  121  13:42  Ghost  
  121  13:44  SCV  
  121  13:45  SCV, Ghost  
  121  13:46  SCV  
  128  13:49  SCV  
  128  13:51  Liberator, Planetary Fortress  
  128  13:53  Marine x2  
  131  13:56  SCV, Marine x2  
  131  13:57  Marine  
  131  13:59  Liberator  
  131  14:02  Marine  
  126  14:05  Liberator  
  126  14:07  Marauder x2  
  126  14:08  Marine  
  134  14:10  Marine  
  134  14:11  Marine x2  
  134  14:14  Marine  
  134  14:15  Marauder  
  130  14:17  Marine x2  
  130  14:19  Marine  
  130  14:20  Liberator  
  132  14:26  Marauder  
  132  14:28  Marine x3  
  132  14:29  Marine  
  132  14:30  Marauder  
  136  14:32  Marine  
  136  14:35  Marine x2  
  136  14:36  Marauder  
  137  14:42  Marine  
  137  14:46  Marauder  
  137  14:47  Marine x3  
  138  14:53  Marine x2  
  123  15:08  Marauder  
  122  15:18  Marauder x2  
Tags
 
Add a new tag
Caveats
  • Supply blocks, unpowered buildings, or Contaminate may cause inaccurate times.
  • Supply counts are checked every 10 seconds.